Map: 升格之链

Players

邀月

  • Race: Protoss Protoss
  • League: Master
  • Spawn Location: 11:00

二年级二班永亮

  • Race: Terran Terran
  • Spawn Location: 11:00

VOD

Have the link to the VOD?

Description

Time

  • Played on: Feb. 25, 2018, 2:40 a.m.
  • Length: 17:45
Show
View Real Time Build Order
Export as new Build Order

邀月 Protoss 

Build Orders:  

Get SALT Encoding   

  12  0:04  Probe (Chrono Boost)  
  13  0:16  Probe (Chrono Boost)  
  14  0:28  Probe (Chrono Boost)  
  15  0:36  Pylon  
  16  0:40  Probe (Chrono Boost)  
  16  0:52  Probe (Chrono Boost)  
  16  0:54  Assimilator  
  17  1:04  Probe (Chrono Boost)  
  17  1:08  Robotics Facility  
  18  1:16  Probe (Chrono Boost)  
  19  1:20  Assimilator  
  19  1:27  Probe (Chrono Boost)  
  20  1:39  Robotics Bay  
  21  1:40  Probe (Chrono Boost)  
  21  1:52  Probe (Chrono Boost)  
  21  1:59  Immortal  
  22  2:04  Forge  
  26  2:22  Taldarin's A.I. Personality  
  26  2:23  Purifier Armaments  
  26  2:37  Probe (Chrono Boost)  
  28  2:54  Probe (Chrono Boost)  
  28  3:15  Colossus  
  34  3:22  Gateway  
  34  3:56  Warbringer's A.I. Personality  
  34  3:57  Probe (Chrono Boost)  
  35  4:17  Nexus  
  35  4:20  Pylon  
  35  4:48  Probe (Chrono Boost)  
  37  5:13  Gateway  
  37  5:14  Probe (Chrono Boost)  
  37  5:16  Immortal  
  37  5:17  Gateway  
  37  5:20  Observation Protocol  
  37  5:21  Cybernetics Core  
  37  5:35  Twilight Council  
  37  5:36  Probe (Chrono Boost)  
  38  5:48  Purification Blast  
  39  5:53  Probe (Chrono Boost)  
  39  6:01  Probe (Chrono Boost)  
  39  6:08  Stargate  
  41  6:10  Probe (Chrono Boost)  
  41  6:13  Stargate  
  41  6:17  Fleet Beacon  
  42  6:20  Protoss Ground Weapons Level 1  
  42  6:21  Warp Gate  
  42  6:23  Adept  
  42  6:27  Adept  
  46  6:33  Talis' A.I. Personality  
  47  6:40  Probe (Chrono Boost)  
  47  6:44  Probe (Chrono Boost)  
  47  6:52  Probe (Chrono Boost)  
  49  7:01  Probe (Chrono Boost)  
  49  7:03  Adept  
  49  7:09  Probe (Chrono Boost)  
  52  7:13  Twilight Council  
  52  7:31  Carrier  
  52  7:48  Probe (Chrono Boost)  
  54  7:53  Probe (Chrono Boost)  
  54  7:58  Assimilator, Scout  
  54  7:59  Clolarion's A.I. Personality  
  61  8:00  Probe (Chrono Boost)  
  65  8:10  Probe (Chrono Boost)  
  65  8:14  Probe (Chrono Boost)  
  66  8:32  Pylon  
  66  8:34  Pylon  
  66  8:41  Pylon  
  66  8:44  Debilitation System  
  66  8:46  Probe (Chrono Boost)  
  66  8:48  Immortal  
  66  8:50  Mojo's A.I. Personality  
  66  8:51  Probe (Chrono Boost)  
  63  9:24  Scout  
  63  9:26  Interdictors  
  66  9:34  Protoss Air Weapons Level 1  
  66  9:35  Adept x2  
  70  9:47  Probe x2 (Chrono Boost)  
  72  9:50  Gateway x2  
  72  9:54  Gateway  
  73  10:00  Adept x2  
  73  10:01  Pylon  
  73  10:04  Probe (Chrono Boost)  
  73  10:05  Protoss Ground Weapons Level 2  
  77  10:13  Pylon  
  77  10:14  Pylon  
  77  10:27  Scout  
  80  10:30  Conservator  
  82  10:42  Adept x2  
  77  11:07  Pylon  
  77  11:10  Adept  
  77  11:11  Adept x2  
  77  11:15  Psionic Projection  
  83  11:36  Adept x3  
  87  11:43  Assimilator  
  87  11:58  Adept x2  
  87  11:59  Adept x2  
  95  12:04  Conservator  
  95  12:12  Kaldalis' A.I. Personality  
  95  12:19  Legionnaire  
  98  12:20  Legionnaire x2  
  102  12:38  Adept x3  
  108  12:44  Adept x3  
  108  12:45  Legionnaire x3  
  117  12:50  Pylon  
  117  13:02  Suppression Procedure  
  117  13:09  Conservator x2  
  121  13:16  Scout  
  121  13:17  Scout  
  123  13:32  Conservator  
  123  13:33  Conservator  
  98  13:43  Adept  
  98  13:44  Legionnaire x2  
  98  13:46  Adept x2  
  108  13:53  Scout  
  106  14:03  Conservator  
  101  14:13  Adept  
  101  14:15  Scout  
  106  14:20  Pylon  
  106  14:31  Adept  
  106  14:32  Adept x2  
  106  14:33  Adept  
  111  14:48  Conservator x3  
  111  14:57  Legionnaire x3  
  120  15:02  Conservator  
  118  15:11  Adept x2  
  118  15:16  Adept  
  114  15:30  Adept  
  114  15:31  Adept x2  
  114  15:34  Conservator  
  120  15:56  Adept x2  
  120  15:57  Adept x4  
  118  16:00  Conservator  
  106  16:14  Scout  
  101  16:20  Legionnaire  
  101  16:21  Adept  
Show
View Real Time Build Order
Export as new Build Order

二年级二班永亮 Terran 

Build Orders:  

Get SALT Encoding   

Tags
 
Commander
FenixRaynor
League
Master
Matchup
Co-op
Replay Pack
Co-op Speedrun
Add a new tag
Caveats
  • Supply blocks, unpowered buildings, or Contaminate may cause inaccurate times.
  • Supply counts are checked every 10 seconds.